 Dungeon Crawl Stone Soup version 0.30-a0-622-gddc90eaa04 (webtiles) character file.

Game seed: 1690535805889601777

1810 Newt the Prestidigitator (level 9, -3/51 (54) HPs)
             Began as a Kobold Hunter on Jan 10, 2023.
             Slain by a wight
             ... wielding a +2 scimitar of venom
              (4 damage)
             ... on level 6 of the Dungeon.
             The game lasted 00:07:08 (6277 turns).

Newt the Prestidigitator (Kobold Hunter)            Turns: 6277, Time: 00:07:09

HP:   -3/51 (54)    AC:  6    Str:  8    XL:     9   Next: 31%
MP:   9/9           EV: 18    Int: 16    God:
Gold: 299           SH:  0    Dex: 23    Spells: 5/8 levels left

rFire   . . .      SeeInvis .    a - +3 shortbow
rCold   . . .      Faith    .    (shield currently unavailable)
rNeg    . . .      Spirit   .    c - +0 leather armour
rPois   .          Reflect  .    (no helmet)
rElec   .          Harm     .    (no cloak)
rCorr   .          Rampage  .    l - +0 pair of gloves
Will    .....                    r - +1 pair of boots
Stlth   ++++                     (no amulet)
HPRegen 0.28/turn                j - ring of wizardry
MPRegen 0.11/turn                s - +6 ring of intelligence

@: drained
A: small, no large weapons, nightstalker 3
a: no special abilities


You were on level 6 of the Dungeon.
You visited 1 branch of the dungeon, and saw 7 of its levels.

You collected 339 gold pieces.
You spent 40 gold pieces at shops.

Inventory:

Hand Weapons
 a - a +3 shortbow (weapon)
 o - a +2 heavy falchion
Missiles
 q - 27 poisoned darts
Armour
 c - a +0 leather armour (worn)
 l - a +0 pair of gloves (worn)
 r - a +1 pair of boots (worn)
Jewellery
 j - a ring of wizardry (left hand)
 s - a +6 ring of intelligence (right hand)
Wands
 i - a wand of charming (12)
Scrolls
 b - a scroll of immolation
 e - a scroll of enchant armour
 h - 2 scrolls of identify
 k - a scroll of vulnerability
 p - a scroll of amnesia
 u - a scroll of magic mapping
 w - a scroll of blinking
 x - a scroll of teleportation
Potions
 d - 2 potions of magic
 f - a potion of flight
 g - a potion of berserk rage
 m - a potion of might
 v - a potion of mutation


   Skills:
 - Level 5.0 Fighting
 - Level 8.0 Ranged Weapons
 - Level 0.2 Throwing
 - Level 6.0 Dodging
 - Level 4.0 Stealth
 + Level 9.5 Evocations


You had 5 spell levels left.
You knew the following spells:

 Your Spells              Type           Power      Damage    Failure   Level
a - Inner Flame           Hex/Fire       0%         N/A       38%         3

Your spell library contained the following spells:

 Spells                   Type           Power      Damage    Failure   Level
 Magic Dart               Conj           0%         1d3       16%         1
 Searing Ray              Conj           0%         2d4       22%         2
 Static Discharge         Conj/Air       0%         2-2/arc   22%         2
 Vhi's Electric Charge    Tloc/Air       0%         N/A       38%         3
 Flame Wave               Conj/Fire      0%         2d4       78%         4
 Fulminant Prism          Conj/Hex       0%         3d5       78%         4
 Sticky Flame             Conj/Fire      0%         2d3       78%         4
 Arcjolt                  Conj/Air       0%         1d10      98%         5
 Lightning Bolt           Conj/Air       0%         1d11      98%         5


Dungeon Overview and Level Annotations

Branches:
Dungeon (7/15)             Temple (0/1) D:5

Altars:
The Shining One

Shops:
D:1 (   D:3 !

Annotations:
D:3 3 runed translucent doors, bmack86's ghost, amateur MiFi


Innate Abilities, Weirdness & Mutations

You are small and have problems with some larger weapons.
You are completely attuned to the shadows.


Message History

You destroy the wight!
The wight barely misses you.
Your life force feels restored.
You shoot an arrow. The arrow hits the wight!
You destroy the wight!
The wight barely misses you.
The wight hits you from afar with a +2 halberd!
You feel drained.
Your life force feels restored.
You are too injured to fight recklessly!
You are too injured to fight recklessly!
The wight misses you.
The wight hits you with a +2 scimitar of venom.
You are poisoned.
You climb upwards.
You feel very sick.
There is a stone staircase leading down here.
You shoot an arrow. The arrow closely misses the wight.
You feel sick.
The wight hits you with a +2 scimitar of venom.
* * * LOW HITPOINT WARNING * * *
You feel drained.
* * * LOW HITPOINT WARNING * * *
You are lethally poisoned!
Okay, then.
You feel better. The wight misses you.
Okay, then.
Fire: a) +3 shortbow
Press: ? - help, Q - select action, (/) - cycle Shift-Dir - straight line, f/p - wight
Aim: a wight, wielding a +2 scimitar of venom and wearing a +0 robe (71% to hit)
You shoot an arrow. The arrow hits the wight.
The wight is moderately damaged.
The wight barely misses you.
Fire: a) +3 shortbow
Press: ? - help, Q - select action, (/) - cycle Shift-Dir - straight line, f/p - wight
Aim: a wight, wielding a +2 scimitar of venom and wearing a +0 robe (moderately damaged, 71% to hit)
You shoot an arrow. The arrow closely misses the wight.
The wight hits you with a +2 scimitar of venom!
* * * LOW HITPOINT WARNING * * *
You feel drained.
You die...

#.....##.........................
#.....##....####.###)############
#.....##....####.##))).###...####
#................#....†.........#
#..........^.....#..............#
#................#..............#
#................#..............'
#...........##...##.............#
#...........##.)@##.....#########
#.....##....#..z.##.....###....##
#.....##....##...#..............#
#.....########...#.....(........#
#...............))..............#
#................#).............#
#...........#######.............#
#...........# #.............'
########....# #......##.....#


You could see a wight.

Vanquished Creatures
  A sky beast (D:6)
  An ice beast (D:6)
  An ogre (D:5)
  2 centaurs (D:6)
  A gnoll sergeant (D:7)
  2 kobold brigands
  A necrophage (D:6)
  2 scorpions
  3 wights (D:7)
  A howler monkey (D:6)
  8 hounds
  3 jellies
  An orc priest (D:5)
  6 iguanas
  3 orc wizards (D:5)
  8 gnolls
  5 adders
  A shadow imp (D:6)
  2 ufetubi
  2 worms
  2 dart slugs
  5 orcs
  6 ball pythons
  8 bats
  2 endoplasms
  4 giant cockroaches
  7 goblins
  4 hobgoblins
  2 jackals (D:3)
  22 kobolds
  3 quokkas
  4 frilled lizards (D:1)
  7 rats
130 creatures vanquished.

Vanquished Creatures (others)
  A demonic plant (D:6)
  9 plants (D:5)
10 creatures vanquished.

Grand Total: 140 creatures vanquished

Notes
Turn   | Place    | Note
-------+----------+-------------------------------------------
     0 | D:1      | Newt the Kobold Hunter began the quest for the Orb.
     0 | D:1      | Reached XP level 1. HP: 12/12 MP: 1/1
   115 | D:1      | Reached XP level 2. HP: 17/17 MP: 2/2
   384 | D:1      | Found a faded altar of an unknown god.
   556 | D:1      | Found Uggomim's Weapon Shoppe.
   954 | D:2      | Reached XP level 3. HP: 20/21 MP: 3/3
  1411 | D:2      | Found a glowing golden altar of the Shining One.
  1498 | D:2      | Reached XP level 4. HP: 23/26 MP: 4/4
  2080 | D:3      | Found Nolienn's Distillery.
  2086 | D:3      | Bought a potion of might for 40 gold pieces
  2170 | D:3      | Found a runed translucent gate.
  2215 | D:3      | Reached XP level 5. HP: 13/30 MP: 5/5
  2733 | D:3      | Found a runed translucent gate.
  2734 | D:3      | Found a runed translucent gate.
  2795 | D:3      | Noticed bmack86's ghost (amateur MiFi)
  2991 | D:4      | Noticed a kobold brigand
  2997 | D:4      | Killed a kobold brigand
  3004 | D:4      | Reached XP level 6. HP: 14/37 MP: 6/6
  4009 | D:5      | Entered Level 5 of the Dungeon
  4078 | D:5      | Reached skill level 5 in Fighting
  4078 | D:5      | Reached XP level 7. HP: 34/44 MP: 7/7
  4472 | D:5      | Reached skill level 5 in Dodging
  4554 | D:5      | Reached skill level 1 in Evocations
  4554 | D:5      | Reached XP level 8. HP: 49/49 MP: 8/8
  4712 | D:5      | Reached skill level 2 in Evocations
  4827 | D:5      | Found a staircase to the Ecumenical Temple.
  5046 | D:5      | Reached skill level 3 in Evocations
  5288 | D:6      | Reached skill level 4 in Evocations
  5419 | D:6      | Reached skill level 5 in Evocations
  5442 | D:6      | Reached skill level 6 in Evocations
  5471 | D:6      | Reached skill level 7 in Evocations
  5677 | D:6      | Reached XP level 9. HP: 33/54 MP: 9/9
  5823 | D:6      | Reached skill level 8 in Evocations
  5835 | D:6      | Learned a level 3 spell: Inner Flame
  6269 | D:7      | Reached skill level 9 in Evocations
  6277 | D:6      | HP: 1/53 [wight/+2 scimitar of venom (17)]
  6277 | D:6      | Slain by a wight

Illustrated notes

Levels and vault maps discovered:
D:1:      eino_arrival_cavern_e, layout_basic,
          shapermc_ecumenical_altar_flowoftime, serial_shops,
          nicolae_shop_bloodbath_and_beyond, minmay_bisected
D:2:      layout_basic, basic_altar
D:3:      layout_rooms, gammafunk_ghost_split, serial_shops,
          nicolae_shop_temple_entry_statues_fountains, corexii_hall_statues_l
D:4:      layout_basic
D:5:      layout_loops_ring, temple_statues, serial_bayou,
          serial_bayou_lagoon_a, serial_bayou_pond_a, serial_bayou_ford_a,
          serial_bayou_pond_b
D:6:      layout_gridville, dreamdust_princess_corridor
D:7:      minmay_evil_eye, layout_gridville, uniq_menkaure, uniq_pikel,
          uniq_maggie

Skill      XL: |  1  2  3  4  5  6  7  8  9 |
---------------+----------------------------+-----
Stealth        | 2 4 |  4.0
Ranged Weapons | 6 7 8 |  8.0
Fighting       | 3 5 |  5.0
Dodging        | 6 |  6.0
Evocations     | 1 7 9 |  9.5
Throwing       | |  0.2

Action                   |  1- 3 |  4- 6 |  7- 9 || total
-------------------------+-------+-------+-------++-------
 Fire: Shortbow          |    93 |   105 |   209 ||   407
  Use: Scroll            |     4 |     7 |     5 ||    16
       Potion            |       |     1 |     1 ||     2
Armor: Leather armour    |    10 |    17 |    18 ||    45
Dodge: Dodged            |    43 |    42 |   153 ||   238

Table legend: (Time is in decaauts)
 A = Elapsed time spent in this place.
 B = Non-inter-level travel time spent in this place.
 C = Inter-level travel time spent in this place.
 D = Time resting spent in this place.
 E = Time spent auto-exploring this place.
 F = Levels seen in this place.
 G = Mean time per level.
                   A        B        C        D        E       F      G
               +--------+--------+--------+--------+--------+-----+--------+
         Total |   6395 |   6068 |    327 |    973 |   4291 |   7 |  913.6 |
       Dungeon |   6395 |   6068 |    327 |    973 |   4291 |   7 |  913.6 |
               +--------+--------+--------+--------+--------+-----+--------+

Top non-repeatable levels by time:
     D:5: 1223 daAuts
     D:4: 1120 daAuts
     D:6: 1068 daAuts
     D:1: 1041 daAuts
     D:3: 1022 daAuts
     D:2: 869 daAuts
     D:7: 47 daAuts
